 Dungeon Crawl Stone Soup version 0.22-a0-254-gaf95ca0 (webtiles) character file.

13443 Amnesiac the Geomancer (level 11, -22/54 HPs)
             Began as a Deep Elf Earth Elementalist on Mar 4, 2018.
             Was a Follower of Uskayaw.
             Killed by Ozocubu's Refrigeration
             ... invoked by Fannar
              (24 damage)
             ... on level 11 of the Dungeon.
             The game lasted 00:20:48 (9315 turns).

Amnesiac the Geomancer (DEEE)                       Turns: 9315, Time: 00:20:49

Health: -22/54     AC:  8    Str:  5    XL:     11   Next: 75%
Magic:  2/29       EV: 12    Int: 24    God:    Uskayaw [*.....]
Gold:   542        SH:  7    Dex: 20    Spells: 20/35 levels left

rFire    . . .     SeeInvis .   E - +2 dagger (distort)
rCold    . . .     Gourm    .   e - +1 buckler
rNeg     . . .     Faith    .   y - +0 leather armour (curse)
rPois    +         Spirit   .   (no helmet)
rElec    .         Reflect  .   O - +2 cloak {+Inv}
rCorr    .         Harm     .   s - +0 pair of gloves
MR       +....                  v - +0 pair of boots
Stlth    ++........             a - amulet of magic regeneration
HPRegen  0.18/turn              N - +5 ring of dexterity
MPRegen  0.46/turn              k - ring of poison resistance

@: no status effects
A: no striking features
a: Stomp, Renounce Religion, Evoke Invisibility


You were on level 11 of the Dungeon.
You worshipped Uskayaw.
Uskayaw was noncommittal.
You were very hungry.

You visited 2 branches of the dungeon, and saw 12 of its levels.

You collected 542 gold pieces.

Inventory:

Hand Weapons
 E - a +2 dagger of distortion (weapon)
Missiles
 b - 249 stones (quivered)
 F - 3 throwing nets
Armour
 e - a +1 buckler (worn)
 s - a +0 pair of gloves (worn)
 v - a +0 pair of boots (worn)
 y - a cursed +0 leather armour (worn)
 O - a +2 cloak of invisibility (worn)
 Q - a +2 robe of magic resistance
Jewellery
 a - an amulet of magic regeneration (around neck)
 k - a ring of poison resistance (right hand)
 q - a +3 ring of strength
 N - a +5 ring of dexterity (left hand)
Scrolls
 g - a scroll of identify {!r}
 h - 2 scrolls of amnesia {!r}
 n - a scroll of fear {!r}
 p - a scroll of torment {!r}
 x - 2 scrolls of magic mapping {!r}
 B - 2 scrolls of enchant weapon {!r}
 C - 2 scrolls of fog {!r}
 D - 7 scrolls of teleportation {!r}
 G - a scroll of holy word {!r}
Potions
 f - a potion of heal wounds {!q}
 i - a potion of might {!q}
 o - 6 potions of curing {!q}
 r - 2 potions of haste {!q}
 t - a potion of magic {!q}
 u - a potion of agility {!q}
 z - 3 potions of cancellation {!q}
 J - 2 potions of lignification {!q}
 K - a potion of brilliance {!q}
 M - 2 potions of flight {!q}
Comestibles
 d - 22 rations


   Skills:
 + Level 5.1 Short Blades
 - Level 2.4 Dodging
 - Level 2.4 Stealth
 - Level 4.0 Shields
 + Level 12.5 Spellcasting
 - Level 1.1 Transmutations
 * Level 14.4 Earth Magic
 + Level 6.7 Invocations


You had 20 spell levels left.
You knew the following spells:

 Your Spells              Type           Power        Failure   Level  Hunger
a - Stone Arrow           Conj/Erth      #####.       1%          3    None
b - Passwall              Tmut/Erth      ######....   1%          2    None
c - Sandblast             Erth           ######       1%          1    None
d - Lee's Rapid Deconstr  Erth           ######....   1%          5    ###....
e - Petrify               Tmut/Erth      ######..     2%          4    None


Dungeon Overview and Level Annotations

Branches:
Dungeon (11/15)            Temple (1/1) D:6
   Lair: D:8-11         Orc: D:9-12

Altars:
Ashenzari
Cheibriados
Dithmenos
Elyvilon
Fedhas
Gozag
Hepliaklqana
Kikubaaqudgha
Makhleb
Nemelex Xobeh
Okawaru
Qazlal
Ru
Sif Muna
Trog
Uskayaw
Vehumet
Wu Jian
Xom
Yredelemnul
Zin
The Shining One

Annotations:
D:3 CLM's ghost, amateur GrFi
D:11 Fannar


Message History

Aiming: Stone Arrow (safe; 1% risk of failure)
Press: ? - help, Shift-Dir - straight line, f/p - ice beast
Aim: an ice beast (severely wounded, summoned)
The stone arrow misses the ice beast.
The ice beast barely misses you.
You open the door.
Fannar casts a spell.
Fannar drains the heat from the surrounding environment!
You feel very cold.
* * * LOW HITPOINT WARNING * * *
Fannar is frozen.
Fannar resists.
Fannar is heavily wounded.
Unknown command.
The ice beast closely misses you.
There is an open door here.
Casting: Stone Arrow (safe; 1% risk of failure)
Confirm with . or Enter, or press ? or * to list all spells.
Aiming: Stone Arrow (safe; 1% risk of failure)
Press: ? - help, Shift-Dir - straight line, f/p - ice beast
Aim: an ice beast (severely wounded, summoned)
The stone arrow hits the ice beast.
You kill the ice beast!
Unknown command.
Unknown command.
Okay, then.
Okay, then.
Okay, then.
Unknown command.
Okay, then.
Casting: Stone Arrow (safe; 1% risk of failure)
Confirm with . or Enter, or press ? or * to list all spells.
Aiming: Lee's Rapid Deconstruction (safe; 1% risk of failure)
Press: ? - help, Dir - move target cursor The wall shatters!
Casting: Lee's Rapid Deconstruction (safe; 1% risk of failure)
Confirm with . or Enter, or press ? or * to list all spells.
Aiming: Lee's Rapid Deconstruction (safe; 1% risk of failure)
Press: ? - help, Dir - move target cursor The wall shatters!
The blast of rock fragments hits Fannar.
Fannar is severely wounded.
Fannar gestures wildly while chanting.
Fannar drains the heat from the surrounding environment!
You feel very cold.
* * * LOW HITPOINT WARNING * * *
Fannar is frozen.
Fannar resists.
Fannar is severely wounded.
Unknown command.
Casting: Lee's Rapid Deconstruction (safe; 1% risk of failure)
Confirm with . or Enter, or press ? or * to list all spells.
Aiming: Stone Arrow (safe; 1% risk of failure)
Press: ? - help, Shift-Dir - straight line, f - Fannar
Aim: Fannar, wielding a quarterstaff of freezing, wearing a robe of cold resistance and wearing a ring of ice (severely wounded, covered in an icy film)
The stone arrow misses Fannar.
Unknown command.
Casting: Stone Arrow (safe; 1% risk of failure)
Confirm with . or Enter, or press ? or * to list all spells.
Aiming: Stone Arrow (safe; 1% risk of failure)
Press: ? - help, Shift-Dir - straight line, f/p - Fannar
Aim: Fannar, wielding a quarterstaff of freezing, wearing a robe of cold resistance and wearing a ring of ice (severely wounded, covered in an icy film)
The stone arrow misses Fannar.
Fannar casts a spell.
Fannar drains the heat from the surrounding environment!
You feel very cold.
You die...

.....................
####+###'############
.........#..........
.........#..........
.........'..........
.........#..........
.........#..........
##########..........
###############.@.....#..........
..............#e......'....##....
......................#######....
........e.....'.......#....##+###
..............#.......#....##....
..............#.......#..........
..............#.......'..........
..............#.......#..........
..............#.......#..........


You could see Fannar.

Vanquished Creatures
  2 dancing weapons (D:6)
  3 two-headed ogres
  Sonja (D:11)
  Pikel (D:8)
  Maurice (D:8)
  A kobold demonologist (D:10)
  2 trolls
  2 hippogriffs
  A shadow (D:7)
  A wraith (D:10)
  14 yaks
  Grum (D:8)
  5 orc warriors
  A hornet zombie (D:9)
  2 ice beasts
  A slave (D:8)
  A black bear (D:9)
  2 phantoms
  2 sky beasts (D:6)
  2 centaurs
  4 ogres
  3 wolves (D:8)
  18 big kobolds
  5 bullfrogs
  2 scorpions
  A water moccasin skeleton (D:4)
  6 killer bees (D:8)
  4 wights (D:9)
  3 howler monkeys
  7 crimson imps
  A centaur zombie (D:6)
  A quasit (D:8)
  4 hounds
  2 jellies
  5 orc wizards
  Crazy Yiuf (D:2)
  3 bullfrog skeletons
  5 orc priests
  4 iguanas
  7 worker ants
  6 gnolls
  6 adders
  A shadow imp (D:4)
  2 oozes
  2 adder zombies
  3 dart slugs
  4 leopard geckos
  43 orcs
  3 ball pythons
  4 bats (D:1)
  2 giant cockroaches
  7 goblins
  6 hobgoblins
  14 jackals
  15 kobolds
  4 quokkas
  4 frilled lizards
  A jackal zombie (D:5)
  A quokka zombie (D:5)
  7 rats
267 creatures vanquished.

Vanquished Creatures (others)
  A yak (D:10)
  3 slaves (D:8)
  2 jellies (D:7)
  An orc wizard (D:8)
  A leopard gecko (D:8)
  An orc (D:8)
  A quokka skeleton (D:8)
10 creatures vanquished.

Grand Total: 277 creatures vanquished

Notes
Turn   | Place    | Note
-------+----------+-------------------------------------------
     0 | D:1      | Amnesiac the Deep Elf Earth Elementalist began the quest for the Orb.
     0 | D:1      | Reached XP level 1. HP: 10/10 MP: 6/6
    99 | D:1      | Reached XP level 2. HP: 10/15 MP: 1/8
   251 | D:1      | Reached skill level 4 in Earth Magic
   598 | D:1      | Reached XP level 3. HP: 18/19 MP: 10/10
  1365 | D:2      | Found a radiant altar of Vehumet.
  1365 | D:2      | Found a burning altar of Makhleb.
  1454 | D:2      | Found a runed door.
  1599 | D:2      | Noticed Crazy Yiuf
  1605 | D:2      | Killed Crazy Yiuf
  1605 | D:2      | Reached XP level 4. HP: 13/24 MP: 6/12
  1888 | D:3      | Reached skill level 1 in Shields
  1888 | D:3      | Reached skill level 5 in Earth Magic
  2177 | D:3      | Reached XP level 5. HP: 15/28 MP: 8/13
  2181 | D:3      | Found an iron altar of Okawaru.
  2405 | D:3      | Found an iron altar of Okawaru.
  2405 | D:3      | Found a glowing silver altar of Zin.
  2406 | D:3      | Found an ancient bone altar of Kikubaaqudgha.
  2407 | D:3      | Found a basalt altar of Yredelemnul.
  2407 | D:3      | Found a sacrificial altar of Ru.
  2407 | D:3      | Found a snail-covered altar of Cheibriados.
  2408 | D:3      | Found an opulent altar of Gozag.
  2408 | D:3      | Found a glowing golden altar of the Shining One.
  2420 | D:3      | Noticed CLM's ghost (amateur GrFi)
  2442 | D:3      | Learned a level 5 spell: Lee's Rapid Deconstruction
  2447 | D:3      | Learned a level 4 spell: Petrify
  2848 | D:4      | Noticed a centaur
  3013 | D:4      | Reached skill level 5 in Spellcasting
  3023 | D:4      | Killed a centaur
  3023 | D:4      | Reached skill level 6 in Earth Magic
  3023 | D:4      | Reached XP level 6. HP: 5/32 MP: 11/15
  3785 | D:4      | Noticed a hippogriff
  3797 | D:4      | Killed a hippogriff
  3797 | D:4      | Reached XP level 7. HP: 36/36 MP: 13/17
  3819 | D:4      | Reached skill level 7 in Earth Magic
  3823 | D:4      | Learned a level 2 spell: Passwall
  3827 | D:4      | Learned a level 3 spell: Stone Arrow
  4151 | D:5      | Entered Level 5 of the Dungeon
  4584 | D:5      | Reached skill level 8 in Earth Magic
  4591 | D:5      | Reached XP level 8. HP: 41/41 MP: 18/20
  4827 | D:6      | Found a blossoming altar of Fedhas.
  4932 | D:6      | Found a staircase to the Ecumenical Temple.
  4958 | Temple   | Entered the Ecumenical Temple
  5207 | D:6      | Reached skill level 9 in Earth Magic
  5247 | D:6      | Noticed a hand axe
  5247 | D:6      | Noticed a dagger
  5248 | D:6      | Found a hide-covered altar of Uskayaw.
  5257 | D:6      | Became a worshipper of Uskayaw the Reveler
  5268 | D:6      | Reached * piety under Uskayaw
  5325 | D:6      | Killed a dagger
  5325 | D:6      | Reached skill level 10 in Earth Magic
  5325 | D:6      | Reached XP level 9. HP: 45/45 MP: 11/23
  5325 | D:6      | Reached ** piety under Uskayaw
  5326 | D:6      | Reached *** piety under Uskayaw
  5435 | D:6      | Killed a hand axe
  5435 | D:6      | Reached skill level 11 in Earth Magic
  5619 | D:7      | Reached **** piety under Uskayaw
  5690 | D:7      | Reached skill level 10 in Spellcasting
  5693 | D:7      | Found a shattered altar of Ashenzari.
  5981 | D:7      | Reached skill level 1 in Invocations
  6184 | D:8      | Noticed Pikel
  6190 | D:8      | Killed Pikel
  6190 | D:8      | Reached skill level 12 in Earth Magic
  6190 | D:8      | Reached XP level 10. HP: 47/50 MP: 14/26
  6197 | D:8      | Noticed a two-headed ogre
  6205 | D:8      | Killed a two-headed ogre
  6286 | D:8      | Noticed Grum
  6336 | D:8      | Killed Grum
  6391 | D:8      | Noticed Maurice
  6466 | D:8      | Killed Maurice
  6466 | D:8      | Reached skill level 1 in Short Blades
  6919 | D:9      | Reached skill level 13 in Earth Magic
  6925 | D:9      | Reached ***** piety under Uskayaw
  7697 | D:9      | Reached skill level 5 in Invocations
  7927 | D:10     | Entered Level 10 of the Dungeon
  7984 | D:10     | Reached XP level 11. HP: 54/54 MP: 11/28
  8097 | D:10     | Reached ****** piety under Uskayaw
  8221 | D:10     | Found a stormy altar of Qazlal.
  8267 | D:10     | Noticed a two-headed ogre
  8275 | D:10     | Killed a two-headed ogre
  8849 | D:10     | Reached skill level 14 in Earth Magic
  8958 | D:11     | Noticed a two-headed ogre
  8967 | D:11     | Killed a two-headed ogre
  9263 | D:11     | Noticed Fannar
  9263 | D:11     | Noticed Sonja
  9264 | D:11     | Reached skill level 5 in Short Blades
  9264 | D:11     | Killed Sonja
  9313 | D:11     | HP: 2/54 [Fannar/Ozocubu's Refrigeration (17)]
  9315 | D:11     | Killed from afar by Fannar

Vault maps used:
D:1:      dpeg_arrival_subterranean_lakeside_camping
D:2:      gammafunk_temple_overflow_wave, uniq_crazy_yiuf_cottage
D:3:      grunt_temple_overflow_open, serial_glass, glass_columns_a,
          glass_columns_c, okawaru_altar_gauntlet_db
D:5:      first_ration, moated_statue, hangedman_abyss_or_decor_stabs
D:6:      dancing_weapons_uskayaw, minmay_temple_entry_trees, basic_altar
D:7:      lemuel_coloured_pillars_altar, grunt_ogre_cave
D:8:      uniq_grum, uniq_pikel, uniq_maurice
D:10:     argonaut_augean_stables, special_room,
          nicolae_qazlal_general_emergency
D:11:     minmay_lair_entry_lava, uniq_fannar, uniq_sonja
Temple:   zaba_magenta_temple

Skill      XL: |  1  2  3  4  5  6  7  8  9 10 11 |
---------------+----------------------------------+-----
Earth Magic    | 4 5 6 8 10 12 13 14 | 14.4
Spellcasting   | 4 5 6 8 10 11 12 | 12.5
Shields        | 1 2 3 4 |  4.0
Invocations    | 2 5 6 |  6.7
Short Blades   | 3 5 |  5.1
Dodging        | |  2.4
Stealth        | |  2.4
Transmutations | |  1.1

Action                   |  1- 3 |  4- 6 |  7- 9 | 10-12 || total
-------------------------+-------+-------+-------+-------++-------
Melee: Unarmed           |     1 |       |       |       ||     1
       Dagger            |       |       |       |   116 ||   116
 Fire: Hunting sling     |    72 |    72 |   118 |       ||   262
 Cast: Sandblast         |    23 |    30 |    52 |       ||   105
       Lee's Rapid Decon |       |       |     7 |    31 ||    38
       Petrify           |       |       |     2 |     1 ||     3
       Stone Arrow       |       |       |    23 |   155 ||   178
       Passwall          |       |       |       |     2 ||     2
  Use: Scroll            |       |       |     1 |    24 ||    25
 Stab: Paralysed         |       |       |       |    10 ||    10
       Sleeping          |       |       |       |     2 ||     2
  Eat: Chunk             |     2 |     7 |     9 |    12 ||    30
Armor: Robe              |     6 |    17 |     6 |     8 ||    37
       Leather armour    |       |       |       |    31 ||    31
Dodge: Dodged            |    22 |    42 |    21 |    88 ||   173
Block: Buckler           |       |       |     7 |    46 ||    53

Table legend:
 A = Spawn XP
 B = Non-spawn XP
 C = Spawn XP percentage of total XP
 D = Spawn monster count
 E = Non-spawn monster count
 F = Spawn count percentage of total count
 G = Total turns spent on level
                    A         B        C        D         E        F      G
               +---------+---------+-------+---------+---------+-------+---------
         Total |       0 |   19205 |   0.0 |       0 |     267 |   0.0 |  9315
               +---------+---------+-------+---------+---------+-------+---------
           D:1 |       0 |      52 |   0.0 |       0 |      26 |   0.0 |   896
           D:2 |       0 |      66 |   0.0 |       0 |       8 |   0.0 |   817
           D:3 |       0 |      85 |   0.0 |       0 |      14 |   0.0 |  1042
           D:4 |       0 |     748 |   0.0 |       0 |      27 |   0.0 |  1396
           D:5 |       0 |     484 |   0.0 |       0 |      16 |   0.0 |   563
           D:6 |       0 |    2502 |   0.0 |       0 |      22 |   0.0 |   755
           D:7 |       0 |    1068 |   0.0 |       0 |      18 |   0.0 |   612
           D:8 |       0 |    2912 |   0.0 |       0 |      30 |   0.0 |   884
           D:9 |       0 |    2725 |   0.0 |       0 |      38 |   0.0 |   884
          D:10 |       0 |    6341 |   0.0 |       0 |      54 |   0.0 |  1025
          D:11 |       0 |    2222 |   0.0 |       0 |      14 |   0.0 |   363
               +---------+---------+-------+---------+---------+-------+---------
